Map: Altitude LE

Players

A.I. 1 (Very Easy)

  • Race: Terran Terran
  • Spawn Location: 7:00

tvo - Winner!

  • Race: Terran Terran
  • League: Gold
  • Spawn Location: 1:00

VOD

Have the link to the VOD?

Description

Time

  • Played on: Aug. 22, 2023, 10:25 p.m.
  • Length: 10:26
Show
View Real Time Build Order
Export as new Build Order

A.I. 1 (Very Easy) Terran 

Build Orders:  

Get SALT Encoding   

  12  0:00  SCV  
  13  0:13  SCV  
  14  0:18  Supply Depot  
  14  0:42  Barracks  
  14  0:57  Supply Depot  
  14  1:02  Refinery  
  14  1:05  SCV  
  15  1:16  Refinery  
  15  1:17  SCV  
  16  1:29  SCV  
  16  1:31  Marine  
  18  1:41  SCV  
  19  1:49  Reaper  
  19  1:54  SCV  
  21  2:06  SCV  
  22  2:18  Orbital Command  
  22  2:38  Marine  
  22  2:40  Supply Depot  
  22  2:44  SCV  
  24  2:56  SCV  
  25  3:04  Factory  
  25  3:06  Supply Depot  
  25  3:08  SCV  
  26  3:18  Marine  
  27  3:20  SCV  
  28  3:32  SCV  
  29  3:44  SCV  
  30  3:50  Starport  
  30  3:56  SCV  
  30  3:58  Marine  
  32  4:27  Starport Tech Lab  
  32  4:38  Marine  
  35  4:45  Raven  
  35  5:18  Barracks Tech Lab  
  35  5:20  Raven  
  37  5:37  Reaper  
  38  6:02  Command Center  
  38  6:17  Marauder  
  41  7:15  SCV  
  42  7:22  SCV  
  40  7:30  SCV  
  40  7:34  Refinery  
  40  7:36  Marine  
  38  7:37  SCV  
  35  7:44  SCV  
  35  7:47  Refinery  
  36  7:51  SCV  
  36  7:53  Raven  
  34  7:59  SCV  
  34  8:05  Hellion  
  33  8:06  SCV  
  32  8:13  SCV  
  32  8:20  SCV  
  33  8:27  Raven  
  33  8:28  SCV  
  33  8:34  Marauder  
  38  8:35  SCV  
  37  8:42  SCV  
  37  8:49  SCV  
  38  8:56  SCV  
  38  9:01  Raven  
  43  9:02  Marauder  
  43  9:04  SCV  
  43  9:05  Supply Depot  
  44  9:11  SCV  
  41  9:18  SCV  
  41  9:25  SCV  
  43  9:31  Marauder  
  43  9:32  SCV  
  43  9:36  Raven  
  44  9:40  SCV, Supply Depot  
  40  9:47  SCV  
  36  9:54  SCV  
  29  10:01  SCV  
Show
View Real Time Build Order
Export as new Build Order

tvo Terran - Winner!

Build Orders: Cyclone Opening, Mech 

Get SALT Encoding   

  12  0:00  SCV  
  13  0:12  SCV  
  14  0:17  Supply Depot  
  14  0:24  SCV  
  15  0:38  SCV  
  15  0:39  Barracks  
  16  0:44  Refinery  
  16  0:50  SCV  
  17  1:02  SCV  
  18  1:15  SCV  
  19  1:25  Marine  
  20  1:26  Orbital Command  
  20  1:45  Command Center  
  20  1:56  Factory  
  20  2:00  SCV  
  21  2:02  Marine  
  22  2:09  Refinery  
  22  2:12  SCV  
  23  2:17  Supply Depot  
  23  2:22  Barracks Tech Lab  
  23  2:38  SCV  
  24  2:46  Cyclone  
  24  2:49  Starport  
  24  2:51  SCV  
  28  2:58  Orbital Command  
  28  3:03  SCV  
  29  3:08  Refinery  
  29  3:09  Marine  
  30  3:15  SCV  
  30  3:19  Siege Tank  
  34  3:23  SCV  
  35  3:30  SCV  
  35  3:31  Supply Depot  
  36  3:38  Fusion Core  
  36  3:40  Marine  
  37  3:44  SCV  
  37  3:45  SCV  
  39  3:58  SCV x2  
  39  3:59  Bunker, Factory Tech Lab, Barracks Reactor  
  41  4:03  Supply Depot  
  41  4:10  SCV x2  
  43  4:22  SCV x2  
  45  4:28  Battlecruiser  
  51  4:34  SCV x2  
  53  4:41  Siege Tank, Supply Depot  
  56  4:46  SCV x2  
  58  4:57  Command Center  
  58  4:59  SCV  
  59  5:01  SCV  
  59  5:06  Refinery  
  60  5:11  SCV  
  60  5:13  Siege Tank, SCV  
  65  5:14  Supply Depot  
  65  5:18  Supply Depot  
  65  5:23  SCV  
  65  5:25  SCV, Factory  
  67  5:36  Factory  
  67  5:37  Armory  
  67  5:38  SCV  
  67  5:40  Starport Reactor, SCV  
  69  5:50  Factory  
  69  5:51  SCV  
  69  5:52  SCV  
  69  5:56  Factory  
  71  6:03  SCV  
  72  6:04  SCV  
  72  6:06  Factory  
  72  6:09  Orbital Command  
  73  6:13  Supply Depot  
  73  6:15  Engineering Bay, SCV  
  73  6:16  SCV  
  75  6:23  Factory Tech Lab  
  75  6:24  Siege Tank  
  78  6:29  Hellion  
  78  6:31  Hellion  
  82  6:34  Factory Tech Lab  
  82  6:36  Refinery  
  82  6:40  Refinery  
  82  6:41  Siege Tank  
  82  6:43  Orbital Command  
  82  6:45  SCV x2  
  87  6:47  Starport Reactor  
  87  6:48  Terran Vehicle Weapons Level 1  
  87  6:57  SCV x2  
  87  6:58  Hellion x2  
  87  6:59  Siege Tank  
  96  7:04  Supply Depot  
  96  7:10  SCV  
  96  7:11  SCV  
  96  7:12  SCV  
  99  7:16  Siege Tank, Supply Depot  
  105  7:23  SCV  
  105  7:24  Hellion  
  105  7:25  Siege Tank  
  105  7:27  Supply Depot  
  105  7:29  Siege Tank  
  111  7:32  Hellion  
  111  7:33  SCV  
  111  7:34  SCV  
  111  7:35  SCV  
  116  7:39  Siege Tank, Supply Depot  
  119  7:45  SCV  
  119  7:46  Hellion x2  
  119  7:47  SCV  
  119  7:49  SCV, Supply Depot  
  126  7:51  Siege Tank  
  126  7:53  Supply Depot  
  126  7:54  Hellion  
  126  7:57  SCV  
  132  7:59  SCV  
  132  8:01  Siege Tank, Supply Depot, Hellion  
  139  8:08  Hellion  
  139  8:11  Siege Tank, Hellion  
  145  8:15  Supply Depot x2  
  145  8:16  Supply Depot  
  145  8:17  Siege Tank, Hellion  
  150  8:25  Supply Depot  
  150  8:28  Siege Tank  
  150  8:33  Siege Tank  
  156  8:35  Command Center  
  156  8:39  Supply Depot  
  156  8:40  Hellion  
  156  8:41  Supply Depot, Hellion x2  
  162  8:43  Siege Tank, Hellion  
  167  8:53  Siege Tank  
  167  8:54  Supply Depot  
  170  9:02  Siege Tank, Refinery  
  173  9:03  Hellion x3  
  173  9:05  Refinery  
  179  9:10  Factory  
  179  9:11  Factory  
  179  9:13  Siege Tank  
  179  9:14  Hellion  
  184  9:18  Siege Tank  
  187  9:26  SCV x3  
  187  9:29  Armory  
  190  9:31  Starport Reactor  
  190  9:37  Factory x2  
  190  9:45  Siege Tank, Hellion  
  193  9:46  Hellion  
  193  9:48  Orbital Command  
  195  9:54  Siege Tank  
  198  10:00  Command Center  
  198  10:18  Starport Reactor  
  198  10:21  Factory Tech Lab x2  
Tags
 
Composition
Mech
League
Gold
Matchup
TvT
Race
Terran
Spawn Locations
Cross Positions
Add a new tag
Caveats
  • Supply blocks, unpowered buildings, or Contaminate may cause inaccurate times.
  • Supply counts are checked every 10 seconds.